 Dungeon Crawl Stone Soup version 0.22-a0-469-gf26638a (webtiles) character file.

192786 galech the Bludgeoner (level 18, 0/208 HPs)
             Began as an Ogre Berserker on June 13, 2018.
             Was a High Priest of Trog.
             Slain by a sun demon (7 damage)
             ... summoned by a deep elf mage
             ... on level 3 of the Elven Halls.
             The game lasted 01:35:07 (36845 turns).

galech the Bludgeoner (Ogre Berserker)             Turns: 36845, Time: 01:35:10

Health: 0/208      AC:  8    Str: 32    XL:     18   Next: 69%
Magic:  22/22      EV: 10    Int: 11    God:    Trog [*****.]
Gold:   1941       SH:  0    Dex: 10    Spells: 23/23 levels left

rFire    . . .     SeeInvis +   p - +7 giant spiked club of Vaibbiq {venom, rElec Str-4 Int+3 Dex+2}
rCold    + . .     Gourm    .   (shield currently unavailable)
rNeg     . . .     Faith    .   P - +5 robe of Night {Dark MR+ SInv}
rPois    .         Spirit   .   (helmet restricted)
rElec    +         Reflect  +   (no cloak)
rCorr    .         Harm     .   (gloves unavailable)
MR       +++++                  (boots unavailable)
Stlth    ++........             s - amulet "Lyvysidgh" {Reflect rC+ MR+ Str+4 SH+3}
HPRegen  1.44/turn              u - +1 ring of slaying
MPRegen  0.18/turn              z - +5 ring of evasion

@: lethally poisoned (0 -> -12), berserk cooldown, held, regenerating, slowed,
heavily drained, very slow
A: large, unfitting armour, tough skin 1
a: Berserk, Trog's Hand, Brothers in Arms, Renounce Religion


You were on level 3 of the Elven Halls.
You worshipped Trog.
Trog was extremely pleased with you.
You were very hungry.

You visited 4 branches of the dungeon, and saw 26 of its levels.
You also visited: Labyrinth and Desolation.

You collected 2729 gold pieces.
You spent 788 gold pieces at shops.

Inventory:

Hand Weapons
 p - the +7 giant spiked club of Vaibbiq (weapon) {venom, rElec Str-4 Int+3 Dex+2}
   (Trog gifted it to you in the Desolation of Salt)

   It poisons the flesh of those it strikes.
   It affects your strength (-4).
   It affects your intelligence (+3).
   It affects your dexterity (+2).
   It insulates you from electricity.
 r - a +2 sacred scourge of holy wrath
 A - the +8 great mace "Muawas" {venom, Str+4}
   (Trog gifted it to you in the Desolation of Salt)

   It poisons the flesh of those it strikes.
   It affects your strength (+4).
 H - the +3 giant spiked club of the Vestibule of Hell {protect, rElec rPois}
   (Trog gifted it to you on level 2 of the Orcish Mines)

   It protects the one who uses it against injury (+AC on strike).
   It insulates you from electricity.
   It protects you from poison.
 I - a +4 dire flail
Armour
 b - a +1 robe of resistance
 C - +0 fire dragon scales
 P - the +5 robe of Night (worn) {Dark MR+ SInv}
   (You found it in the Desolation of Salt)

   It affects your resistance to hostile enchantments.
   It lets you see invisible.
Jewellery
 a - the ring of Wimn {Ice Str+5 Int+4 Dex-5 SInv}
   (You found it in the Desolation of Salt)

   [ring of ice]

   It enhances your ice magic.
   It affects your strength (+5).
   It affects your intelligence (+4).
   It affects your dexterity (-5).
   It makes you vulnerable to fire.
   It protects you from cold.
   It lets you see invisible.
 i - an uncursed amulet of harm {unknown}
 s - the amulet "Lyvysidgh" (around neck) {Reflect rC+ MR+ Str+4 SH+3}
   (You found it in a labyrinth)

   [amulet of reflection]

   It shields you and reflects attacks.
   It affects your strength (+4).
   It protects you from cold.
   It affects your resistance to hostile enchantments.
   It affects your SH (+3).
 u - a +1 ring of slaying (left hand)
 v - an uncursed ring of fire
 z - a +5 ring of evasion (right hand)
 F - an uncursed ring of protection from cold
 J - the amulet of the Dropbear {+Blink Regen+ Dex+4}
   (You found it on level 10 of the Dungeon)

   [amulet of regeneration]

   It affects your dexterity (+4).
   It lets you blink.
   It increases your rate of regeneration.
 M - an uncursed ring of resist corrosion
 Q - the amulet "Jicoel" {Spirit rF+ Int+3}
   (You bought it in a shop on level 2 of the Orcish Mines)

   [amulet of guardian spirit]

   It causes incoming damage to be split between your health and magic.
   It affects your intelligence (+3).
   It protects you from fire.
 S - an uncursed amulet of rage {unknown}
 T - an uncursed amulet of magic regeneration {unknown}
Wands
 n - a wand of paralysis (27)
 y - a wand of digging (2)
Scrolls
 e - 12 scrolls of remove curse
 f - 10 scrolls of enchant armour
 j - 3 scrolls of blinking
 k - 17 scrolls of teleportation
 w - a scroll of brand weapon
 D - 2 scrolls of fear
 G - 2 scrolls of magic mapping
 K - a scroll of identify
 R - 2 scrolls of summoning
 W - 3 scrolls of fog
 Z - a scroll of holy word
Potions
 d - 4 potions of brilliance
 g - 2 potions of agility
 h - 10 potions of heal wounds
 l - 5 potions of flight {unknown}
 m - a potion of cancellation {unknown}
 o - 3 potions of invisibility
 q - 10 potions of curing
 t - 7 potions of lignification
 x - 4 potions of mutation
 B - a potion of might
 E - 3 potions of magic
 L - a potion of resistance
 N - 11 potions of degeneration
 O - 2 potions of haste
 V - 2 potions of ambrosia
Comestibles
 c - 29 rations


   Skills:
 + Level 19.5(17.1) Fighting
   Level 1.7(12.4) Axes
 + Level 19.7(17.4) Maces & Flails
 + Level 7.5(5.7) Armour
 + Level 12.2(10.2) Dodging
 + Level 5.0(3.3) Stealth
   Level 2.2(0.7) Shields
 + Level 3.0(1.5) Spellcasting
 + Level 0.3(0.0) Evocations


You had 23 spell levels left.
You didn't know any spells.
Your spell library was empty.

Dungeon Overview and Level Annotations

Branches:
Dungeon (15/15)            Temple (0/1) D:5            Lair (6/6) D:9
  Swamp (0/4) Lair:3       Spider (0/4) Lair:4        Slime (0/5) Lair:6
    Orc (2/2) D:10            Elf (3/3) Orc:2        Vaults (0/5) D:14
 Depths (0/5) D:15

Altars:
Cheibriados
Dithmenos
Elyvilon
Hepliaklqana
Kikubaaqudgha
Nemelex Xobeh
Okawaru
Qazlal
Vehumet
Wu Jian
Zin
The Shining One
Beogh

Shops:
D:4 (   D:9 :   D:13 *   D:14 [   Orc:2 =*[(   Elf:1 *

Portals:
Trove: D:15 (give 17 potions of curing)

Annotations:
D:10 exclusion: obsidian statue


Innate Abilities, Weirdness & Mutations

You are too large for most types of armour.
You have tough skin. (AC +1)


Message History

You feel much better. The redback bites you!
* * * LOW HITPOINT WARNING * * *
You are poisoned.
The redback poisons you! The sun demon hits you.
* * * LOW HITPOINT WARNING * * *
You are engulfed in flames!
* * * LOW HITPOINT WARNING * * *
The jumping spider pounces on you!
* * * LOW HITPOINT WARNING * * *
You are caught in a web!
The jumping spider bites you but does no damage.
The redback bites you but does no damage.
You feel much better.
You feel very sick. The jumping spider barely misses you.
The jumping spider bites you.
* * * LOW HITPOINT WARNING * * *
The redback bites you.
* * * LOW HITPOINT WARNING * * *
The sun demon hits you!
You die...

#)..# #[.)# #(..#
.... #(.[#
#'########## #...#
............ #.).#
........... #...#
###..'.#########)..#
....).....s.ers@...#
.....)........3s...#
....r.....s....(...#
#####..#############
#.## #.#


You could see a sun demon, a deep elf mage, 2 jumping spiders, 2 redbacks and a
hell rat.

Vanquished Creatures
  A deep elf blademaster (Elf:3)
  A sphinx (D:13)
  Agnes (Elf:1)
  5 orc warlords
  An imperial myrmidon (Desolation)
  A deep elf elementalist (Elf:3)
  3 angels
  2 halazid warlocks (Desolation)
  A deep elf demonologist (Elf:3)
  2 deep elf annihilators (Elf:3)
  A minotaur (Lab)
  Snorg (Lair:3)
  3 crystal guardians (Desolation)
  4 deep elf death magi
  2 ragged hierophants (Desolation)
  Josephine (D:14)
  5 fire dragons
  The ghost of KristoblXynda the Grappler, a journeyman TrWz of Ashenzari (D:12)
  Fannar (Lair:3)
  Harold (D:11)
  A vault guard (D:14)
  3 peacekeepers (Desolation)
  7 servants of whispers (Desolation)
  4 centaur warriors
  8 hydras
  10 two-headed ogres
  7 dancing weapons
  6 orc high priests
  8 deep elf knights
  Urug (Lair:3)
  3 unseen horrors
  10 orc knights
  7 deep elf archers
  21 deep elf magi
  An orb spider (Lair:4)
  4 ironbrand convokers (Desolation)
  A wolf spider (Lair:6)
  2 cyclopes (D:13)
  The ghost of suvakkihuora the Prestidigitator, a novice FoMo (D:8)
  2 manticores
  34 ugly things
  8 orc sorcerers
  8 oklob plants
  9 elephants
  7 black mambas
  A molten gargoyle (Desolation)
  5 centaur zombies
  4 guardian serpents
  16 spiny frogs
  4 gargoyles
  2 minotaur zombies (Lab)
  4 komodo dragons
  A yaktaur (D:13)
  3 rime drakes
  3 meliai
  A polar bear (Lair:5)
  7 trolls
  4 tyrant leeches
  7 hornets
  43 saltlings (Desolation)
  10 blink frogs
  10 hippogriffs
  11 slime creatures
  6 dream sheep (Lair:5)
  A vampire (D:13)
  An air elemental (Elf:3)
  3 water elementals (Elf:1)
  44 yaks
  6 wraiths
  10 wyverns (Lair:6)
  A redback (shapeshifter) (Elf:3)
  A basilisk (shapeshifter) (Elf:3)
  A hog (shapeshifter) (D:14)
  2 basilisks
  5 hungry ghosts
  8 vampire mosquitoes
  A swamp worm (Lair:3)
  5 wargs
  2 soldier ants
  20 water moccasins
  An acid dragon (D:13)
  10 porcupines
  57 orc warriors
  A swamp drake (D:10)
  2 black bears
  A hornet zombie (D:13)
  11 ogres
  2 necrophages
  3 sky beasts
  9 crocodiles
  15 centaurs
  5 big kobolds
  19 bullfrogs
  3 earth elementals (Elf:1)
  4 scorpions (D:5)
  11 wights
  An electric eel (Lair:5)
  2 howler monkeys
  12 crimson imps
  A bullfrog zombie (D:13)
  6 hounds
  5 jellies
  29 orc priests
  4 bullfrog skeletons
  2 centaur skeletons
  Jessica (D:3)
  6 iguanas
  41 orc wizards
  17 worker ants
  A hound zombie (D:10)
  3 hound skeletons
  2 worker ant zombies
  A howler monkey zombie (D:6)
  6 gnolls
  12 adders
  5 shadow imps
  2 adder skeletons
  2 worms
  A dart slug (D:6)
  10 leopard geckos
  87 orcs
  2 ball pythons
  3 bats (D:3)
  3 giant cockroaches
  8 goblins
  3 hobgoblins
  10 jackals
  25 kobolds
  9 quokkas
  4 frilled lizards
  A leopard gecko skeleton (D:6)
  A quokka skeleton (D:9)
  7 rats
  A plant (Lair:6)
954 creatures vanquished.

Vanquished Creatures (others)
  A water elemental (Elf:3)
  2 centaurs
  An orc (D:10)
  A kobold (D:7)
  17 bushes (D:14)
  40 fungi (Lair:6)
  37 plants
99 creatures vanquished.

Grand Total: 1053 creatures vanquished

Notes
Turn   | Place    | Note
-------+----------+-------------------------------------------
     0 | D:1      | galech the Ogre Berserker began the quest for the Orb.
     0 | D:1      | Reached XP level 1. HP: 24/24 MP: 1/1
   100 | D:1      | Reached XP level 2. HP: 19/32 MP: 2/2
   515 | D:2      | Found a shadowy altar of Dithmenos.
   542 | D:2      | Found a stormy altar of Qazlal.
   623 | D:2      | Reached XP level 3. HP: 33/40 MP: 3/3
   681 | D:2      | Found a white marble altar of Elyvilon.
   855 | D:2      | Found an iron altar of Okawaru.
  1132 | D:3      | Reached ** piety under Trog
  1465 | D:3      | Reached XP level 4. HP: 49/49 MP: 4/4
  1677 | D:3      | Found a hazy altar of Hepliaklqana.
  1678 | D:3      | Found a sparkling altar of Nemelex Xobeh.
  1678 | D:3      | Noticed Jessica
  1688 | D:3      | Killed Jessica
  1688 | D:3      | Reached XP level 5. HP: 46/55 MP: 5/5
  2384 | D:4      | Found Zin's Purification Station.
  2387 | D:4      | Found a glowing silver altar of Zin.
  2390 | D:4      | Bought a potion of curing for 90 gold pieces
  2520 | D:4      | Found Zoarick's Weapon Shop.
  2816 | D:5      | Entered Level 5 of the Dungeon
  2852 | D:5      | Reached skill level 5 in Fighting
  2961 | D:5      | Reached XP level 6. HP: 45/66 MP: 6/6
  3027 | D:5      | Reached skill level 5 in Maces & Flails
  3084 | D:5      | Noticed a sky beast
  3319 | D:5      | Killed a sky beast
  3319 | D:5      | Reached XP level 7. HP: 12/75 MP: 7/7
  3928 | D:5      | Found a staircase to the Ecumenical Temple.
  3996 | D:5      | Found an ornate altar of the Wu Jian Council.
  4300 | D:5      | Reached skill level 1 in Stealth
  4430 | D:5      | Reached *** piety under Trog
  4434 | D:5      | Reached XP level 8. HP: 64/84 MP: 8/8
  5186 | D:6      | Found a snail-covered altar of Cheibriados.
  5270 | D:6      | Reached skill level 5 in Dodging
  6357 | D:7      | Reached XP level 9. HP: 76/96 MP: 9/9
  6788 | D:8      | Found an ancient bone altar of Kikubaaqudgha.
  6788 | D:8      | Noticed suvakkihuora's ghost (novice FoMo)
  6803 | D:8      | Killed suvakkihuora's ghost
  7408 | D:8      | Found an ancient bone altar of Kikubaaqudgha.
  7953 | D:8      | Reached **** piety under Trog
  7980 | D:8      | Reached XP level 10. HP: 17/107 MP: 10/10
  8250 | D:8      | Found an iron altar of Okawaru.
  8535 | D:9      | Noticed a two-headed ogre
  8543 | D:9      | Killed a two-headed ogre
  8578 | D:9      | Found a glowing golden altar of the Shining One.
  8670 | D:9      | Found a staircase to the Lair.
  8963 | D:9      | Found Faoneur's Book Emporium.
  9738 | D:9      | Paralysed by a hornet for 2 turns
  9959 | D:9      | Reached skill level 10 in Maces & Flails
 10054 | D:10     | Entered Level 10 of the Dungeon
 10068 | D:10     | Reached skill level 10 in Fighting
 10096 | D:10     | Noticed an obsidian statue
 10190 | D:10     | Noticed a smoke demon
 10192 | D:10     | Got a glittering lead amulet
 10229 | D:9      | Identified the amulet of the Dropbear {+Blink Regen+ Dex+4} (You found it on level 10 of the Dungeon)
 10514 | D:10     | Noticed a two-headed ogre
 10525 | D:10     | Killed a two-headed ogre
 10577 | D:10     | Noticed a two-headed ogre
 10586 | D:10     | Killed a two-headed ogre
 10586 | D:10     | Reached XP level 11. HP: 119/119 MP: 11/11
 10922 | D:10     | Found a staircase to the Orcish Mines.
 11013 | Orc:1    | Entered Level 1 of the Orcish Mines
 11013 | Orc:1    | Found a radiant altar of Vehumet.
 11135 | Orc:1    | Noticed an orc warlord
 11138 | Orc:1    | Noticed an orc sorcerer
 11499 | D:10     | Killed an orc warlord
 11553 | D:10     | Killed an orc sorcerer
 11768 | Orc:2    | Entered Level 2 of the Orcish Mines
 11776 | Orc:2    | Reached ***** piety under Trog
 11788 | Orc:2    | Found a staircase to the Elven Halls.
 11947 | Orc:2    | Noticed an orc warlord
 11983 | Orc:2    | Noticed an orc sorcerer
 12237 | Orc:1    | Killed an orc warlord
 12319 | Orc:2    | Killed an orc sorcerer
 12442 | Orc:2    | Reached XP level 12. HP: 101/132 MP: 12/12
 12467 | Orc:2    | Noticed an orc warlord
 12493 | Orc:1    | Killed an orc warlord
 13287 | Orc:1    | Noticed an orc high priest
 13320 | Orc:1    | Found a roughly hewn altar of Beogh.
 13337 | Orc:1    | Killed an orc high priest
 13337 | Orc:1    | Reached skill level 1 in Armour
 13973 | Orc:2    | Noticed an orc high priest
 14190 | Orc:2    | Noticed a soul eater
 14190 | Orc:2    | Killed an orc high priest
 14195 | Orc:2    | Noticed an orc high priest
 14345 | Orc:2    | Killed an orc high priest
 14363 | Orc:2    | Reached ****** piety under Trog
 14455 | Orc:2    | Reached XP level 13. HP: 107/144 MP: 13/13
 14840 | Orc:2    | Noticed an orc warlord
 14956 | Orc:1    | Killed an orc warlord
 15081 | Orc:2    | Received a gift from Trog
 15089 | Orc:2    | Got a polished giant spiked club {god gift}
 15122 | Orc:2    | Identified the +3 giant spiked club of the Vestibule of Hell {protect, rElec rPois} (Trog gifted it to you on level 2 of the Orcish Mines)
 15470 | Orc:2    | Found Qeonogyas's Antique Armour Emporium.
 15471 | Orc:2    | Found Jecawag's Antique Weapon Shoppe.
 15473 | Orc:2    | Found Raiger's General Store.
 15473 | Orc:2    | Found Meexudusadd's Jewellery Emporium.
 15489 | Orc:2    | Bought the amulet "Jicoel" {Spirit rF+ Int+3} for 603 gold pieces
 15697 | Lair:1   | Entered Level 1 of the Lair of Beasts
 16784 | Lair:2   | Got a dazzling war axe
 16822 | Lair:1   | Got a faintly glowing long sword
 16823 | Lair:1   | Identified the +4 war axe "Nuipemabb" {chop, +Rage rC+ MP-9 Str+5} (You found it on level 2 of the Lair of Beasts)
 16824 | Lair:1   | Identified the +7 long sword "Taet" {freeze, rPois Str+6} (You found it on level 1 of the Lair of Beasts)
 16965 | Lair:3   | Noticed Urug
 16967 | Lair:3   | Noticed Snorg
 16982 | Lair:3   | Killed Urug
 16988 | Lair:3   | Killed Snorg
 17465 | Lair:3   | Noticed Fannar
 17476 | Lair:3   | Killed Fannar
 17476 | Lair:3   | Reached skill level 15 in Maces & Flails
 17481 | Lair:3   | Reached skill level 15 in Fighting
 17499 | Lair:3   | Reached XP level 14. HP: 100/159 MP: 11/14
 17575 | Lair:3   | Found a staircase to the Swamp.
 18421 | Lair:4   | Reached skill level 10 in Dodging
 18791 | Lair:4   | Found a hole to the Spider Nest.
 19072 | Lair:4   | Received a gift from Trog
 20253 | Lair:6   | Entered Level 6 of the Lair of Beasts
 20287 | Lair:6   | Reached XP level 15. HP: 122/167 MP: 12/19
 20567 | Lair:6   | Got a smoking hand axe
 20568 | Lair:6   | Identified the +11 hand axe of Yqid {chop, Int+4 Dex+3} (You found it on level 6 of the Lair of Beasts)
 20784 | Lair:6   | Reached skill level 1 in Axes
 21418 | Lair:6   | Found a sparkling altar of Nemelex Xobeh.
 22014 | Lair:6   | Found a staircase to the Slime Pits.
 22406 | D:11     | Reached XP level 16. HP: 126/179 MP: 13/20
 22421 | D:11     | Noticed Harold
 22426 | D:11     | Reached skill level 5 in Armour
 22433 | D:11     | Killed Harold
 22441 | D:11     | Received a gift from Trog
 22665 | D:11     | Found a glowing silver altar of Zin.
 22716 | D:11     | Found a runed door.
 23113 | D:12     | Noticed KristoblXynda's ghost (journeyman TrWz)
 23120 | D:12     | Killed KristoblXynda's ghost
 23157 | D:12     | Found a labyrinth entrance.
 23170 | Lab      | Entered a labyrinth
 24093 | Lab      | Received a gift from Trog
 24100 | Lab      | Got a transparent ivory amulet
 24163 | D:12     | Identified the amulet "Lyvysidgh" {Reflect rC+ MR+ Str+4 SH+3} (You found it in a labyrinth)
 24925 | D:13     | Found a runed door.
 25003 | D:13     | Reached skill level 1 in Shields
 25207 | D:13     | Found Irghait's General Store.
 25667 | D:13     | Noticed a sphinx
 25693 | D:13     | Killed a sphinx
 25720 | D:13     | Got a brightly glowing great mace {crush}
 25721 | D:13     | Identified the +2 great mace of Forgiveness {crush, rC++ rN+ SInv} (You took it off a vampire on level 13 of the Dungeon)
 25944 | D:14     | Found a gate to the Vaults.
 26301 | D:14     | Noticed Josephine
 26308 | D:14     | Killed Josephine
 27055 | D:14     | Received a gift from Trog
 27072 | D:14     | Reached XP level 17. HP: 159/192 MP: 21/21
 27370 | D:14     | Found Qouck's Armour Emporium.
 27759 | D:15     | Entered Level 15 of the Dungeon
 28815 | D:15     | Found a portal to a secret trove of treasure.
 29041 | D:15     | Found a staircase to the Depths.
 29278 | Elf:1    | Entered Level 1 of the Elven Halls
 29345 | Elf:1    | Found Xylatax's General Store.
 29353 | Elf:1    | Found a ruined gateway.
 29374 | Elf:1    | Found a white marble altar of Elyvilon.
 29374 | Elf:1    | Found a glowing golden altar of the Shining One.
 29374 | Elf:1    | Found a glowing silver altar of Zin.
 29415 | Desolati | Entered the Desolation of Salt
 29499 | Desolati | Received a gift from Trog
 29504 | Desolati | Got a translucent giant spiked club {god gift}
 29505 | Desolati | Identified the +7 giant spiked club of Vaibbiq {venom, rElec Str-4 Int+3 Dex+2} (Trog gifted it to you in the Desolation of Salt)
 29598 | Desolati | Got a steaming glaive
 29610 | Desolati | Found the +5 robe of Night {Dark MR+ SInv}
 29613 | Desolati | Got a flickering amber ring
 29870 | Desolati | Identified the ring of Wimn {Ice Str+5 Int+4 Dex-5 SInv} (You found it in the Desolation of Salt)
 30433 | Desolati | Identified the Collected Works on Contamination and the Mountains
 31014 | Desolati | Received a gift from Trog
 31018 | Desolati | Got a jewelled great mace {god gift}
 31042 | Desolati | Identified the +8 great mace "Muawas" {venom, Str+4} (Trog gifted it to you in the Desolation of Salt)
 31314 | Elf:1    | Bought a potion of heal wounds for 95 gold pieces
 31351 | Elf:1    | Reached XP level 18. HP: 154/205 MP: 22/22
 32195 | Elf:1    | Found a roughly hewn altar of Beogh.
 33526 | Elf:2    | Noticed Agnes
 33544 | Elf:1    | Killed Agnes
 34130 | Elf:3    | Entered Level 3 of the Elven Halls
 35656 | Elf:2    | Reached skill level 5 in Stealth
 35892 | Elf:3    | Got a dazzling flail {antimagic}
 35893 | Elf:3    | Identified the cursed +1 flail of Circular Logic {antimagic, *Drain rF++ MP+9} (You took it off a deep elf annihilator on level 3 of the Elven Halls)
 36161 | Elf:3    | Noticed a deep elf blademaster
 36169 | Elf:3    | Killed a deep elf blademaster
 36372 | Elf:3    | Received a gift from Trog
 36844 | Elf:3    | HP: 1/208 [jumping spider[a deep elf mage] (16)]
 36845 | Elf:3    | Slain by a sun demon

Vault maps used:
D:1:      lemuel_arrival_lava_pool, st_stairs_11
D:2:      overflow_temple_1_default, marbit_many_paths,
          nicolae_dithmenos_shadow_blocks, okawaru_trees_2
D:3:      chequers_temple_overflow_statue_of_worship, uniq_jessica
D:4:      zin_purify, serial_shops, nicolae_shop_crystal
D:5:      cheibrodos_barr_body, overflow_temple_1_default, temple_pool_b,
          first_ration
D:6:      kennysheep_slug_shrine
D:8:      overflow_temple_1_default, nicolae_overflow_crystal_walls, basic_altar
D:9:      overflow_temple_1_default, lair_entry_dummy, serial_shops, shop,
          hangedman_pestilent_swarm, minmay_fountain_box
D:10:     erik_orc_1, minmay_protected_statue
D:11:     lemuel_angel_altar, uniq_harold
D:12:     lab_entry_generic
D:13:     serial_shops, shop, lightli_airlock
D:14:     david_vaults_5, serial_shops, nicolae_shop_waterfront,
          serial_park_square2, hex_large, uniq_josephine
D:15:     grunt_enter_depths_hoard, nicolae_trove_entry_diagonal, spider_trap
Lair:1:   grunt_megastairs_4
Lair:2:   grunt_megastairs_5
Lair:3:   minmay_swamp_entry_worms, minmay_stone_trees_medium, uniq_snorg,
          uniq_fannar, uniq_urug
Lair:4:   nicolae_spider_entry_orb_guardian, st_stairs_7, serial_bayou_pond_b
Lair:5:   serial_bayou_lagoon_b
Lair:6:   hangedman_lair_tendril_chambers, minmay_slime_entry_oklob_enclosed,
          lemuel_oklob_altar, minmay_lair_oklob_chamber
Orc:1:    basic_altar, bh_open_orc_temple
Orc:2:    st_orc_congregation
Elf:1:    serial_shops, nicolae_shop_window_shopping,
          portal_desolation_entry_holy_temple, special_room,
          minmay_elf_crystal_hexagon, serial_sigils_hangedman_gut
Elf:2:    minivault_14, orc_legates, uniq_agnes
Elf:3:    elf_hall, serial_shops, shop, minmay_shop_grove
Lab:      labyrinth_hidden_loot, nicolae_lab_diamond, nicolae_lab_arrow,
          labyrinth_skeletal_remains

Skill      XL: |  1  2  3  4  5  6  7  8  9 10 11 12 13 14 15 16 17 18 |
---------------+-------------------------------------------------------+-----
Maces & Flails | 3 4 5 6 7 9 10 12 13 15 16 18 19 | 19.7
Dodging        | 3 4 5 6 8 9 10 11 12 | 12.2
Fighting       | 5 6 7 9 10 12 13 15 16 17 18 19 | 19.5
Stealth        | 1 2 3 4 5 |  5.0
Armour         | 2 3 4 5 7 |  7.5
Spellcasting   | 3 |  3.0
Axes           | 1 |  1.7
Shields        | 1 2 |  2.2
Evocations     | |  0.3

Action                   |  1- 3 |  4- 6 |  7- 9 | 10-12 | 13-15 | 16-18 || total
-------------------------+-------+-------+-------+-------+-------+-------++-------
Melee: Mace              |   133 |   148 |   454 |     3 |       |       ||   738
       Dire flail        |       |       |       |   682 |   124 |       ||   806
       Giant spiked club |       |       |       |       |   644 |   999 ||  1643
       Hand axe          |       |       |       |       |    27 |       ||    27
       Great mace        |       |       |       |       |       |   142 ||   142
       Sacred scourge    |       |       |       |       |       |   132 ||   132
Invok: Berserk           |     2 |     3 |     9 |    12 |     4 |    16 ||    46
       Trog's Hand       |       |     2 |     7 |     3 |     4 |    15 ||    31
Evoke: Wand              |       |       |       |       |       |     2 ||     2
  Use: Scroll            |       |     4 |     6 |     8 |    10 |    16 ||    44
       Potion            |       |       |       |       |     1 |     2 ||     3
 Stab: Sleeping          |       |       |     3 |     3 |     3 |     6 ||    15
       Distracted        |       |       |       |       |     1 |       ||     1
  Eat: Chunk             |     3 |     9 |    16 |    24 |    25 |    41 ||   118
       Ration            |       |       |     3 |     3 |     2 |    10 ||    18
Armor: Animal skin       |    49 |    28 |    58 |     1 |       |       ||   136
       Robe              |       |       |       |    39 |       |    38 ||    77
       Troll leather arm |       |       |       |    10 |   151 |   171 ||   332
       Fire dragon scale |       |       |       |       |       |   107 ||   107
Dodge: Dodged            |    78 |    78 |   408 |   558 |   722 |   947 ||  2791
Block: Other             |       |       |       |       |       |    97 ||    97
       Reflection        |       |       |       |       |       |    11 ||    11

Table legend:
 A = Spawn XP
 B = Non-spawn XP
 C = Spawn XP percentage of total XP
 D = Spawn monster count
 E = Non-spawn monster count
 F = Spawn count percentage of total count
 G = Total turns spent on level
                    A         B        C        D         E        F      G
               +---------+---------+-------+---------+---------+-------+---------
         Total |       0 |  256919 |   0.0 |       0 |     955 |   0.0 | 36845
               +---------+---------+-------+---------+---------+-------+---------
           D:1 |       0 |      25 |   0.0 |       0 |      15 |   0.0 |   512
           D:2 |       0 |      29 |   0.0 |       0 |       9 |   0.0 |   604
           D:3 |       0 |     136 |   0.0 |       0 |      28 |   0.0 |   934
           D:4 |       0 |      90 |   0.0 |       0 |       9 |   0.0 |  1146
           D:5 |       0 |     960 |   0.0 |       0 |      33 |   0.0 |  1831
           D:6 |       0 |     869 |   0.0 |       0 |      22 |   0.0 |   885
           D:7 |       0 |     769 |   0.0 |       0 |      20 |   0.0 |  1589
           D:8 |       0 |    1856 |   0.0 |       0 |      21 |   0.0 |  1013
           D:9 |       0 |    2621 |   0.0 |       0 |      19 |   0.0 |  1766
          D:10 |       0 |    6217 |   0.0 |       0 |      43 |   0.0 |  1611
          D:11 |       0 |   11071 |   0.0 |       0 |      50 |   0.0 |   863
          D:12 |       0 |    8020 |   0.0 |       0 |      43 |   0.0 |  1042
          D:13 |       0 |   15480 |   0.0 |       0 |      38 |   0.0 |  1109
          D:14 |       0 |   22850 |   0.0 |       0 |      56 |   0.0 |  1836
          D:15 |       0 |   15689 |   0.0 |       0 |      33 |   0.0 |  1137
        Lair:1 |       0 |    5181 |   0.0 |       0 |      21 |   0.0 |   933
        Lair:2 |       0 |    2646 |   0.0 |       0 |       9 |   0.0 |   520
        Lair:3 |       0 |    7253 |   0.0 |       0 |      22 |   0.0 |   984
        Lair:4 |       0 |    8372 |   0.0 |       0 |      28 |   0.0 |  1245
        Lair:5 |       0 |    7547 |   0.0 |       0 |      29 |   0.0 |   951
        Lair:6 |       0 |   20189 |   0.0 |       0 |      64 |   0.0 |  1995
         Orc:1 |       0 |    8911 |   0.0 |       0 |      41 |   0.0 |  1505
         Orc:2 |       0 |   16960 |   0.0 |       0 |     139 |   0.0 |  3232
         Elf:1 |       0 |   28655 |   0.0 |       0 |      54 |   0.0 |  1961
         Elf:2 |       0 |    2942 |   0.0 |       0 |       5 |   0.0 |   107
         Elf:3 |       0 |   23340 |   0.0 |       0 |      28 |   0.0 |  2687
           Lab |       0 |    2758 |   0.0 |       0 |       7 |   0.0 |   975
    Desolation |       0 |   35483 |   0.0 |       0 |      69 |   0.0 |  1872
               +---------+---------+-------+---------+---------+-------+---------
